 Dungeon Crawl Stone Soup version 0.29.1-15-g9cfb28693d (webtiles) character file.

Game seed: 7352173096331108152

3923 Peloso the Carver (level 10, -11/88 HPs)
             Began as a Minotaur Fighter on Apr 22, 2023.
             Was a Follower of Okawaru.
             Mangled by a two-headed ogre
             ... wielding a +0 giant club
              (13 damage)
             ... on level 7 of the Dungeon.
             The game lasted 00:15:41 (10248 turns).

Peloso the Carver (Minotaur Fighter)               Turns: 10248, Time: 00:15:41

Health: -11/88     AC: 21    Str: 22    XL:     10   Next: 1%
Magic:  9/9        EV:  7    Int:  5    God:    Okawaru [*.....]
Gold:   393        SH:  5    Dex: 13    Spells: 9/9 levels left

rFire   . . .      SeeInvis .   a - +0 long sword
rCold   . . .      Faith    .   d - +0 buckler
rNeg    . . .      Spirit   .   c - +0 plate armour
rPois   .          Reflect  .   (helmet restricted)
rElec   .          Harm     .   (no cloak)
rCorr   .          Rampage  .   (no gloves)
Will    .....                   h - +0 pair of boots
Stlth   ..........              (no amulet)
HPRegen 0.24/turn               j - +4 ring of protection
MPRegen 0.11/turn               (no ring)

@: no status effects
A: horns 2, retaliatory headbutt, hooves 1, iridescent scales 1
a: Renounce Religion, Heroism


You were on level 7 of the Dungeon.
You worshipped Okawaru.
Okawaru was aware of your devotion.
You visited 1 branch of the dungeon, and saw 7 of its levels.
You also visited: Sewer.

You collected 393 gold pieces.

Inventory:

Hand Weapons
 a - a +0 long sword (weapon)
Missiles
 f - 2 throwing nets (quivered)
Armour
 b - a +0 scale mail
 c - a +0 plate armour (worn)
 d - a +0 buckler (worn)
 h - a +0 pair of boots (worn)
Jewellery
 j - a +4 ring of protection (left hand)
 r - a ring of positive energy
 u - an amulet of faith
 v - a ring of fire
 D - an amulet of regeneration
Wands
 q - a wand of paralysis (12)
 x - a wand of roots (9)
Scrolls
 e - 6 scrolls of identify
 i - 2 scrolls of brand weapon
 l - 3 scrolls of amnesia
 n - a scroll of teleportation
 o - a scroll of magic mapping
 p - a scroll of fear {unknown}
 t - a scroll of silence
 y - a scroll of blinking
Potions
 g - a potion of flight
 k - a potion of mutation
 m - 3 potions of might
 s - a potion of berserk rage
 w - a potion of cancellation
 z - a potion of magic
 A - a potion of resistance
 B - a potion of invisibility
 C - 2 potions of heal wounds


   Skills:
 + Level 8.3 Fighting
 + Level 11.2 Long Blades
 + Level 9.6 Armour
 + Level 2.1 Dodging
 + Level 7.0 Shields


You had 9 spell levels left.
You didn't know any spells.
Your spell library contained the following spells:

 Spells                   Type           Power      Damage    Failure   Level
 Slow                     Hex            0%         N/A       100%        1
 Ensorcelled Hibernation  Hex/Ice        0%         N/A       100%        2
 Confusing Touch          Hex            0%         N/A       100%        3
 Gell's Gravitas          Tloc           0%         N/A       100%        3
 Inner Flame              Hex/Fire       0%         N/A       100%        3
 Lesser Beckoning         Tloc           0%         N/A       100%        3
 Spider Form              Tmut/Pois      0%         N/A       100%        3
 Teleport Other           Tloc           0%         N/A       100%        3
 Vampiric Draining        Necr           0%         2d6       100%        3
 Anguish                  Hex/Necr       0%         N/A       100%        4
 Cause Fear               Hex            0%         N/A       100%        4
 Discord                  Hex            0%         N/A       100%        8
 Summon Ice Beast         Ice/Summ       Unusable   N/A       N/A         4
 Summon Mana Viper        Hex/Summ       Unusable   N/A       N/A         5
 Monstrous Menagerie      Summ           Unusable   N/A       N/A         7

Dungeon Overview and Level Annotations

Branches:
Dungeon (7/15)              Sewer (visited)
 Temple: D:4-7

Altars:
Ashenzari
Cheibriados
Kikubaaqudgha
Makhleb
Okawaru
Trog
Uskayaw
Vehumet
Wu Jian
Yredelemnul
The Shining One

Shops:
D:1 (   D:4 ?


Innate Abilities, Weirdness & Mutations

You have a pair of horns on your head.
You reflexively headbutt those who attack you in melee.
You have large cloven feet.
You are partially covered in iridescent scales. (AC +2)


Message History

You fail to use your ability.
You hit the kobold but do no damage. You headbutt the kobold.
You kill the kobold!
Okawaru accepts your kill.
You hit the two-headed ogre.
The two-headed ogre is lightly wounded.
The two-headed ogre hits you with a +0 giant club!!
The two-headed ogre hits you with a +0 giant club!
You slash the two-headed ogre!
The two-headed ogre is moderately wounded.
You barely miss the two-headed ogre.
The two-headed ogre is moderately wounded.
The two-headed ogre hits you with a +0 giant club!
The two-headed ogre hits you but does no damage.
You hit the two-headed ogre. You headbutt the two-headed ogre.
The two-headed ogre is moderately wounded.
The two-headed ogre hits you but does no damage.
The two-headed ogre hits you with a +0 giant club.
You hit the two-headed ogre.
The two-headed ogre is moderately wounded.
You slash the two-headed ogre!
Your headbutt misses the two-headed ogre.
The two-headed ogre is heavily wounded.
The two-headed ogre hits you with a +0 giant club!
* * * LOW HITPOINT WARNING * * *
The two-headed ogre hits you with a +0 giant club.
* * * LOW HITPOINT WARNING * * *
You hit the two-headed ogre.
The two-headed ogre is heavily wounded.
You slash the two-headed ogre! You headbutt the two-headed ogre.
The two-headed ogre is severely wounded.
You block the two-headed ogre's attack.
The two-headed ogre hits you with a +0 giant club!
* * * LOW HITPOINT WARNING * * *
You closely miss the two-headed ogre. You headbutt the two-headed ogre!
The two-headed ogre is almost dead.
The two-headed ogre hits you with a +0 giant club.
* * * LOW HITPOINT WARNING * * *
The two-headed ogre hits you with a +0 giant club!
You die...

#.......#.#.#.......###.
####....#.#.+..._...'.#.
#....#.###.......#.#.
#....#.. #.......#.#.
#..#.# ##.....##)#.
#..#.# ###+####...
##.#.# ##.# #.#.# #..
#.#@# ### #.#O# #.#K#
#.#.# #.#.# #.#.. #.###K
>K K.


You could see a two-headed ogre and a kobold.

Vanquished Creatures
  A kobold demonologist (D:7)
  6 yaks
  Eustachio (D:6)
  A steam dragon (D:6)
  An ice beast (D:6)
  2 sky beasts (D:6)
  A black bear (D:7)
  2 ogres
  4 kobold brigands
  A bullfrog (D:6)
  A necrophage (D:5)
  2 scorpions
  5 wights (D:7)
  3 howler monkeys
  Crazy Yiuf (D:6)
  3 orc priests
  9 hounds
  A gnoll bouda (D:5)
  4 iguanas
  Terence (D:3)
  An orc wizard (D:6)
  10 adders
  24 gnolls
  7 river rats (Sewer)
  A shadow imp (D:6)
  An ufetubus (D:7)
  A worm (D:4)
  22 orcs
  4 bats
  5 endoplasms
  3 giant cockroaches
  4 goblins
  4 hobgoblins
  16 jackals
  23 kobolds
  2 quokkas
  10 ball pythons
  7 frilled lizards
  24 rats
219 creatures vanquished.

Vanquished Creatures (others)
  A gnoll (D:6)
  A plant (D:5)
2 creatures vanquished.

Grand Total: 221 creatures vanquished

Notes
Turn   | Place    | Note
-------+----------+-------------------------------------------
     0 | D:1      | Peloso the Minotaur Fighter began the quest for the Orb.
     0 | D:1      | Reached XP level 1. HP: 19/19 MP: 0/0
   106 | D:1      | Found a faded altar of an unknown god.
   487 | D:1      | Reached XP level 2. HP: 27/27 MP: 1/1
   643 | D:1      | Found Istritefudi's Antique Weapon Shoppe.
  1087 | D:1      | Gained mutation: You are partially covered in iridescent
                  | scales. (AC +2) [potion of mutation]
  1087 | D:1      | Gained mutation: You have large cloven feet. [potion of
                  | mutation]
  1590 | D:2      | Reached XP level 3. HP: 29/33 MP: 2/2
  1656 | D:2      | Reached skill level 3 in Long Blades
  2203 | D:3      | Found an ornate altar of the Wu Jian Council.
  2213 | D:3      | Noticed Terence
  2220 | D:3      | Killed Terence
  2221 | D:3      | Reached XP level 4. HP: 27/40 MP: 3/3
  2460 | D:3      | Found a basalt altar of Yredelemnul.
  2547 | D:3      | Found a bloodstained altar of Trog.
  2707 | D:3      | Found a snail-covered altar of Cheibriados.
  2768 | D:3      | Found an ancient bone altar of Kikubaaqudgha.
  3087 | D:3      | Found a glowing golden altar of the Shining One.
  3089 | D:3      | Noticed an angel
  3175 | D:4      | Reached skill level 4 in Long Blades
  3175 | D:4      | Reached skill level 5 in Armour
  3183 | D:4      | Reached XP level 5. HP: 44/47 MP: 4/4
  3498 | D:4      | Found a burning altar of Makhleb.
  3854 | D:3      | HP: 2/47 [gnoll/+0 flail of venom (3)]
  3857 | D:3      | Reached XP level 6. HP: 22/53 MP: 5/5
  4420 | D:4      | Found Mapryihu's Magic Scroll Emporium.
  4934 | D:5      | Entered Level 5 of the Dungeon
  4970 | D:5      | Reached skill level 5 in Long Blades
  5201 | D:5      | Found a glowing drain.
  5205 | Sewer    | Entered a sewer
  5501 | Sewer    | Reached skill level 5 in Fighting
  5747 | Sewer    | Reached skill level 1 in Dodging
  5747 | Sewer    | Reached XP level 7. HP: 56/61 MP: 6/6
  6054 | D:5      | Reached skill level 6 in Long Blades
  6054 | D:5      | Reached skill level 5 in Shields
  6378 | D:5      | Found a hide-covered altar of Uskayaw.
  6519 | D:5      | Reached skill level 7 in Long Blades
  6826 | D:5      | Reached XP level 8. HP: 70/70 MP: 7/7
  7812 | D:6      | Reached skill level 8 in Long Blades
  8136 | D:5      | Reached skill level 9 in Long Blades
  8357 | D:5      | Reached XP level 9. HP: 47/79 MP: 8/8
  8651 | D:6      | Reached skill level 10 in Long Blades
  9185 | D:6      | Found an iron altar of Okawaru.
  9201 | D:6      | Noticed Eustachio
  9215 | D:6      | Became a worshipper of Warmaster Okawaru
  9250 | D:6      | Killed Eustachio
  9361 | D:6      | Found a runed translucent door.
  9362 | D:6      | Noticed Crazy Yiuf
  9587 | D:6      | Found a broken altar of Ashenzari.
  9685 | D:6      | Killed Crazy Yiuf
  9826 | D:7      | Found a radiant altar of Vehumet.
  9833 | D:7      | Noticed a kobold demonologist
  9848 | D:7      | Noticed a hellwing
  9851 | D:7      | Killed a kobold demonologist
  9852 | D:7      | Reached skill level 11 in Long Blades
  9957 | D:7      | Reached * piety under Okawaru
 10233 | D:7      | Noticed a two-headed ogre
 10238 | D:7      | Reached XP level 10. HP: 87/88 MP: 9/9
 10248 | D:7      | HP: 2/88 [two-headed ogre/+0 giant club (4)]
 10248 | D:7      | Mangled by a two-headed ogre

Illustrated notes

Levels and vault maps discovered:
D:1:      nzn_arrival_crosshair, layout_basic,
          shapermc_ecumenical_altar_totnotflames, serial_shops, shop
D:2:      layout_loops_ring
D:3:      layout_basic, grunt_temple_overflow_holy_war,
          mainiacjoe_overflow_surrounded_room, lemuel_doored_altar,
          general_overflow_altar, lemuel_tele_altar, uniq_terence
D:4:      layout_gridville, mainiacjoe_overflow_paths, serial_shops,
          nicolae_shop_statue_plus, kennysheep_generic_room_9
D:5:      lemuel_castle_with_subvaults [lemuel_castle_interior_carwin_3],
          layout_basic, lemuel_round_altar, gup_sewer_entry_bowl
D:6:      layout_loops_ring, okawaru_metal_pillars_1_2,
          mainiacjoe_overflow_brackets, uniq_crazy_yiuf_cottage, uniq_eustachio
D:7:      layout_basic, nicolae_vehumet_altar_sigil, minmay_temple_entry_tees,
          serial_co_window_serial, co_window_paths_b, co_window_paths_b,
          co_window_paths_b, co_window_paths_a, co_window_cross_1,
          co_window_of_opportunity_a, co_window_corner_b, co_window_broadway_a,
          co_window_broadway_b, co_window_4corner_b, glass_columns_b,
          glass_columns_a, glass_columns_a, glass_columns_c, glass_columns_a

Skill      XL: |  1  2  3  4  5  6  7  8  9 |
---------------+----------------------------+-----
Armour         | 4 5 6 7 8 9 |  9.6
Shields        | 4 5 6 7 |  7.0
Long Blades    | 3 4 5 7 9 11 | 11.2
Fighting       | 4 5 7 8 |  8.3
Dodging        | 1 2 |  2.1

Action                   |  1- 3 |  4- 6 |  7- 9 | 10-12 || total
-------------------------+-------+-------+-------+-------++-------
Melee: Long sword        |    80 |   238 |   446 |    10 ||   774
       Headbutt          |     8 |    35 |    91 |     4 ||   138
  Use: Potion            |     4 |     3 |     1 |       ||     8
       Scroll            |     4 |       |     9 |       ||    13
Armor: Scale mail        |    14 |       |       |       ||    14
       Plate armour      |    28 |   191 |   328 |     2 ||   549
Dodge: Dodged            |    33 |    87 |   126 |       ||   246
Block: Buckler           |    14 |    61 |   112 |     1 ||   188
